 Dungeon Crawl Stone Soup version 0.24-a0-501-gc560d0b (webtiles) character file.

Game seed: 8672208224750266862

0 DinnerBoy7 the Changer (level 1, -2/16 (17) HPs)
             Began as a Gnoll Wanderer on July 16, 2019.
             Slain by a necrophage (3 damage)
             ... on level 2 of the Dungeon.
             The game lasted 00:01:17 (29 turns).

DinnerBoy7 the Changer (Gnoll Wanderer)               Turns: 29, Time: 00:01:18

HP:   -2/16 (17)    AC:  2    Str: 14    XL:     1   Next: 10%
MP:   3/4           EV: 11    Int: 17    God:
Gold: 0             SH:  0    Dex: 11    Spells: 4/5 levels left

rFire    . . .     SeeInvis .   a - +2 short sword
rCold    . . .     Gourm    .   (no shield)
rNeg     . . .     Faith    .   d - +0 robe
rPois    .         Spirit   .   (no helmet)
rElec    .         Reflect  .   (no cloak)
rCorr    .         Harm     .   (no gloves)
MR       .....                  (no boots)
Stlth    +.........             (no amulet)
HPRegen  0.00/turn              (no ring)
MPRegen  0.09/turn              (no ring)

@: non-regenerating, diseased
A: distributed training, fangs 1, strong nose
a: no special abilities


You were on level 2 of the Dungeon.
You were not hungry.

You visited 1 branch of the dungeon, and saw 2 of its levels.

Inventory:

Hand Weapons
 a - a +2 short sword (weapon)
Armour
 d - a +0 robe (worn)
Comestibles
 f - a ration


   Skills:
 + Level 2.3 Fighting
 + Level 4.4 Short Blades
 + Level 0.0 Long Blades
 + Level 0.0 Axes
 + Level 0.0 Maces & Flails
 + Level 0.0 Polearms
 + Level 0.0 Staves
 + Level 0.0 Slings
 + Level 0.0 Bows
 + Level 0.0 Crossbows
 + Level 0.0 Throwing
 + Level 0.0 Armour
 + Level 0.0 Dodging
 + Level 0.0 Stealth
 + Level 2.3 Shields
 + Level 0.0 Unarmed Combat
 + Level 2.6 Spellcasting
 + Level 0.0 Conjurations
 + Level 0.0 Hexes
 + Level 0.0 Charms
 + Level 0.0 Summonings
 + Level 0.0 Necromancy
 + Level 0.0 Translocations
 + Level 5.3 Transmutations
 + Level 0.0 Fire Magic
 + Level 0.0 Ice Magic
 + Level 1.9 Air Magic
 + Level 0.0 Earth Magic
 + Level 0.0 Poison Magic
 + Level 0.0 Invocations
 + Level 2.3 Evocations


You had 4 spell levels left.
You knew the following spells:

 Your Spells              Type           Power        Failure   Level  Hunger
a - Sting                 Conj/Pois      #...         19%         1    #......

Your spell library contained the following spells:

 Spells                   Type           Power        Failure   Level  Hunger
 Poisonous Vapours        Pois/Air       #.....       19%         2    ##.....
 Swiftness                Chrm/Air       #.......     19%         2    ##.....
 Conjure Flame            Conj/Fire      #.......     50%         3    ###....


Dungeon Overview and Level Annotations

Branches:
Dungeon (2/15)

Altars:


Innate Abilities, Weirdness & Mutations

Your experience applies equally to all skills.
You have very sharp teeth.
Your uncanny sense of smell can sniff out nearby items.


Message History

The necrophage barely misses you.
You hit the necrophage but do no damage.
The necrophage is lightly damaged.
The necrophage barely misses you.
You hit the necrophage. Your bite misses the necrophage.
The necrophage is moderately damaged.
The necrophage barely misses you.
You hit the necrophage.
The necrophage is heavily damaged.
The necrophage barely misses you.
You hit the necrophage.
You bite the necrophage, but do no damage.
The necrophage is heavily damaged.
The necrophage hits you.
* * * LOW HITPOINT WARNING * * *
You feel ill.
You feel your flesh rotting away!
You hit the necrophage but do no damage.
The necrophage is heavily damaged.
The necrophage hits you.
You die...

.....
...
...
...
#.#
#.#
#n#
#@#
#.#
#.#
#.#
#.#
###.#
#...#
#.###
#.#


You could see a necrophage.

Vanquished Creatures
  A rat (D:2)
1 creature vanquished.

Notes
Turn   | Place    | Note
-------+----------+-------------------------------------------
     0 | D:1      | DinnerBoy7 the Gnoll Wanderer began the quest for the Orb.
     0 | D:1      | DinnerBoy7 set off with the following items: a +2 short
                  | sword, a +0 robe, a ration; and the following spell
                  | memorised: Sting; and the following spells available to
                  | memorise: Poisonous Vapours, Swiftness, Conjure Flame
     0 | D:1      | Reached XP level 1. HP: 17/17 MP: 4/4
    14 | D:2      | Noticed a necrophage
    29 | D:2      | Slain by a necrophage

Levels and vault maps discovered:
D:1:      dpeg_arrival_pits, layout_rooms
D:2:      layout_loops_ring, old_standard_altar, nicolae_overflow_crystal_walls

Action                   || total
-------------------------++-------
Melee: Short sword       ||    12
       Bite              ||     1
 Cast: Sting             ||     2
Armor: Robe              ||     1
Dodge: Dodged            ||     6

Table legend:
 A = Non-vault XP
 B = Vault XP
 C = Vault XP percentage of total XP
 D = Non-vault monster count
 E = Vault monster count
 F = Vault count percentage of total count
                 A         B        C        D         E       F
            +---------+---------+-------+---------+---------+-------
      Total |       1 |       0 |   0.0 |       1 |       0 |   0.0
            +---------+---------+-------+---------+---------+-------
        D:2 |       1 |       0 |   0.0 |       1 |       0 |   0.0
            +---------+---------+-------+---------+---------+-------
